 Dungeon Crawl Stone Soup version 0.31-a0-986-g5e6e4ef867 (webtiles) character file.

Game seed: 4932710339918306793

1619565 Forgeling the Master Archer (level 27, 134/158 HPs)
             Began as a Deep Elf Hexslinger on Nov 20, 2023.
             Was the Champion of Hepliaklqana.
             Escaped with the Orb
             ... and 3 runes on Nov 21, 2023!
             The game lasted 05:00:53 (77636 turns).

Forgeling the Master Archer (Deep Elf Hexslinger)  Turns: 77636, Time: 05:00:54

Health: 134/158    AC: 23    Str:  7    XL:     27
Magic:  45/52      EV: 36    Int: 32    God:    Hepliaklqana [******]
Gold:   8989       SH:  0    Dex: 35    Spells: 6/72 levels left

rFire   + + +        a - +9 longbow (freeze)
rCold   + . .        (shield currently unavailable)
rNeg    + . .        x - +2 leather armour {rC+}
rPois   +            O - +2 helmet {Int+3}
rElec   +            f - +4 dragonskin cloak
rCorr   +            L - +5 pair of gloves "Fettuun" {Harm Dex+5}
SInv    +            b - +0 pair of boots "Cuatienn" {rF+ rCorr Stlth+}
Will    ++++.        n - amulet "Meckuewk" {Spirit Harm rElec Will+ Dex+3 Slay+2}
Stlth   ++++         k - ring of Liguud {rN+ Will+ Int+6 Stlth+}
HPRegen 0.46/turn    T - ring of the King {Drain +Blink rPois rF+ SInv}
MPRegen 0.33/turn

%: harm (+45% outgoing, +30% incoming), guardian spirit
@: studying Unarmed Combat
A: reduced essence, thin skeletal structure 1, fire resistance 1, MP-powered
wands
0: Orb of Zot
}: 3/15 runes: barnacled, silver, gossamer
a: Renounce Religion, Evoke Blink, Recall Ancestor, Ancestor Identity,
Transference, Idealise


You escaped.
You worshipped Hepliaklqana.
Hepliaklqana was exalted by your worship.
You visited 11 branches of the dungeon, and saw 51 of its levels.
You also visited: Ossuary and Desolation.

You collected 12135 gold pieces.
You spent 3146 gold pieces at shops.

Inventory:

Hand Weapons
 a - a +9 longbow of freezing (weapon)
Armour
 b - the +0 pair of boots "Cuatienn" (worn) {rF+ rCorr Stlth+}
   (You found it on level 2 of the Depths)

   rF+:       It protects you from fire.
   rCorr:     It protects you from acid and corrosion.
   Stlth+:    It makes you more stealthy.
 f - the +4 dragonskin cloak (worn)
   (You took it off Tiamat on level 3 of the Realm of Zot)

   Avatar's Aegis: It grants the wearer a chance to resist fire, cold, poison,
   electricity, acid, and negative energy.
 x - a +2 leather armour of cold resistance (worn)
 L - the +5 pair of gloves "Fettuun" (worn) {Harm Dex+5}
   (You found it on level 5 of the Vaults)

   Dex+5:     It affects your dexterity (+5).
   Harm:      It increases damage dealt and taken.
 O - a +2 helmet of intelligence (worn)
Jewellery
 k - the ring of Liguud (left hand) {rN+ Will+ Int+6 Stlth+}
   (You bought it in a shop on level 1 of the Dungeon)

   [ring of intelligence]

   Int+6:     It affects your intelligence (+6).
   rN+:       It protects you from negative energy.
   Will+:     It increases your willpower.
   Stlth+:    It makes you more stealthy.
 l - the ring of Beogh's Hatred {Will+ rCorr Str+2}
   (You found it on level 3 of the Elven Halls)

   [ring of willpower]

   Str+2:     It affects your strength (+2).
   Will+:     It increases your willpower.
   rCorr:     It protects you from acid and corrosion.
 n - the amulet "Meckuewk" (around neck) {Spirit Harm rElec Will+ Dex+3 Slay+2}
   (You bought it in a shop on level 1 of the Dungeon)

   [amulet of guardian spirit]

   Spirit:    It causes incoming damage to be divided between your reserves of
   health and magic.
   Dex+3:     It affects your dexterity (+3).
   Slay+2:    It affects your accuracy & damage with ranged weapons and melee
   (+2).
   rElec:     It insulates you from electricity.
   Will+:     It increases your willpower.
   Harm:      It increases damage dealt and taken.
 p - a ring of protection from cold
 t - the ring "Voniolua" {Fly rF+ Int+3}
   (You took it off a deep elf zephyrmancer on level 3 of the Elven Halls)

   [ring of flight]

   Int+3:     It affects your intelligence (+3).
   rF+:       It protects you from fire.
   Fly:       It grants you flight.
 A - the ring "Xaxysun" {Fly rPois rC+ Will- rCorr}
   (You found it on level 5 of the Vaults)

   [ring of protection from cold]

   rC+:       It protects you from cold.
   rPois:     It protects you from poison Will-: It decreases your willpower.
   Fly:       It grants you flight.
   rCorr:     It protects you from acid and corrosion.
 T - the ring of the King (right hand) {Drain +Blink rPois rF+ SInv}
   (You found it in the Desolation of Salt)

   [ring of poison resistance]

   rF+:       It protects you from fire.
   rPois:     It protects you from poison SInv: It lets you see invisible.
   +Blink:    It lets you blink.
   Drain:     It drains your maximum health when unequipped.
Wands
 d - a wand of digging (3)
 e - a wand of charming (42)
 h - a wand of light (31)
 i - a wand of roots (44)
 j - a wand of polymorph (22)
 q - a wand of flame (99)
 y - a wand of mindburst (39)
Scrolls
 g - 8 scrolls of amnesia
 o - 3 scrolls of brand weapon
 w - 7 scrolls of enchant armour
 D - 2 scrolls of blinking
 E - 5 scrolls of fear
 F - 2 scrolls of fog
 K - 9 scrolls of immolation
 P - 8 scrolls of poison
 S - 5 scrolls of summoning
 V - 11 scrolls of vulnerability
 Y - 20 scrolls of teleportation {@r3}
 Z - a scroll of enchant weapon
Potions
 B - 10 potions of brilliance
 C - 7 potions of cancellation
 G - 8 potions of ambrosia
 H - 2 potions of haste
 I - a potion of invisibility
 J - 21 potions of curing {@q1}
 M - 10 potions of might
 N - 12 potions of heal wounds {@q2}
 Q - a potion of magic
 R - 2 potions of resistance
 U - 11 potions of mutation
 W - 7 potions of enlightenment
Miscellaneous
 m - a phantom mirror
 r - a phial of floods
 s - a tin of tremorstones (2/2)
 v - a lightning rod (4/4)
 z - a box of beasts


   Skills:
 + Level 19.1 Fighting
 O Level 27 Ranged Weapons
 - Level 10.0 Armour
 - Level 20.0 Dodging
 - Level 14.0 Stealth
 - Level 23.0 Spellcasting
 - Level 21.0 Hexes
 - Level 8.0 Summonings
 - Level 20.0 Translocations
 - Level 1.1 Fire Magic
 - Level 14.0 Invocations
 - Level 16.0 Evocations


You had 6 spell levels left.
You knew the following spells:

 Your Spells              Type           Power      Damage    Failure   Level
a - Jinxbite              Hex            100%       N/A       0%          2
b - Dispersal             Tloc           52%        N/A       1%          6
c - Malign Gateway        Summ/Tloc      45%        N/A       3%          7
d - Disjunction           Tloc           52%        N/A       1%          8
e - Enfeeble              Hex            53%        N/A       1%          7
f - Dimensional Bullseye  Hex/Tloc       53%        N/A       0%          4
g - Summon Forest         Summ/Tloc      45%        N/A       1%          5
i - Yara's Violent Unrav  Hex/Tmut       40%        3d16      1%          5
j - Tukima's Dance        Hex            100%       N/A       0%          3
t - Discord               Hex            53%        N/A       1%          8
u - Summon Mana Viper     Hex/Summ       92%        N/A       1%          5
B - Blink                 Tloc           100%       N/A       0%          2
F - Cause Fear            Hex            53%        N/A       0%          4

Your spell library contained the following spells:

 Spells                   Type           Power      Damage    Failure   Level
 Apportation              Tloc           100%       N/A       0%          1
 Slow                     Hex            100%       N/A       0%          1
 Lesser Beckoning         Tloc           100%       N/A       0%          2
 Confusing Touch          Hex            100%       N/A       0%          3
 Gell's Gravitas          Tloc           100%       N/A       0%          3
 Sigil of Binding         Hex            100%       N/A       0%          3
 Summon Guardian Golem    Hex/Summ       92%        N/A       0%          3
 Teleport Other           Tloc           100%       N/A       0%          3
 Manifold Assault         Tloc           100%       N/A       0%          4
 Passage of Golubria      Tloc           100%       N/A       0%          4
 Foxfire                  Conj/Fire      100%       2x1d9     1%          1
 Freeze                   Ice            100%       1d10      1%          1
 Kiss of Death            Conj/Necr      100%       2d13      1%          1
 Necrotise                Necr           100%       1d9       1%          1
 Shock                    Conj/Air       100%       1d9       1%          1
 Sting                    Tmut/Pois      100%       1d8       1%          1
 Summon Small Mammal      Summ           100%       N/A       1%          1
 Cigotuvi's Dreadful Rot  Necr/Pois/Air  72%        N/A       1%          2
 Ensorcelled Hibernation  Hex/Ice        100%       N/A       1%          2
 Momentum Strike          Conj/Tloc      100%       3d10      1%          2
 Passwall                 Tmut/Erth      30%        N/A       1%          2
 Poisonous Vapours        Pois/Air       72%        N/A       1%          2
 Static Discharge         Conj/Air       72%        3-6/arc   1%          2
 Sublimation of Blood     Necr           36%        N/A       1%          2
 Wereblood                Tmut           36%        N/A       1%          2
 Dazzling Flash           Conj/Hex       100%       N/A       1%          3
 Inner Flame              Hex/Fire       82%        N/A       1%          3
 Volatile Blastmotes      Fire/Tloc      100%       2d18      1%          3
 Anguish                  Hex/Necr       40%        N/A       1%          4
 Animate Armour           Summ/Erth      100%       N/A       1%          4
 Fulminant Prism          Conj/Hex       40%        3d19      1%          4
 Iskenderun's Mystic Bla  Conj/Tloc      79%        2d16      1%          4
 Summon Ice Beast         Ice/Summ       58%        N/A       1%          4
 Summon Lightning Spire   Summ/Air       58%        N/A       1%          4
 Vhi's Electric Charge    Tloc/Air       100%       N/A       1%          4
 Metabolic Englaciation   Hex/Ice        40%        N/A       1%          5
 Silence                  Hex/Air        40%        N/A       1%          5
 Ignite Poison            Fire/Tmut/Pois 39%        N/A       2%          3
 Hailstorm                Conj/Ice       36%        3d9       3%          3
 Ozocubu's Armour         Ice            36%        N/A       3%          3
 Stone Arrow              Conj/Erth      72%        3d11      3%          3
 Swiftness                Air            36%        N/A       3%          3
 Vampiric Draining        Necr           36%        2d8       3%          3
 Summon Cactus Giant      Summ           36%        N/A       6%          6
 Sticky Flame             Conj/Fire      40%        2d6       9%          4
 Airstrike                Air            18%        2d(3-19)  11%         4
 Brom's Barrelling Bould  Conj/Erth      36%        2d6       11%         4
 Dispel Undead            Necr           36%        3d15      11%         4
 Olgreb's Toxic Radiance  Pois           36%        N/A       11%         4
 Petrify                  Tmut/Erth      36%        N/A       11%         4
 Fireball                 Conj/Fire      20%        3d10      24%         5
 Agony                    Necr           36%        N/A       30%         5
 Arcjolt                  Conj/Air       18%        1d28      30%         5
 Borgnjor's Vile Clutch   Necr/Erth      18%        N/A       30%         5
 Freezing Cloud           Conj/Ice/Air   18%        6-21      30%         5
 Irradiate                Conj/Tmut      18%        3d17      30%         5
 Iskenderun's Battlesphe  Conj           36%        2d9       30%         5
 Lee's Rapid Deconstruct  Erth           18%        3d11*     30%         5
 Plasma Beam              Fire/Air       20%        2x1d32    80%         6
 Starburst                Conj/Fire      20%        6d7       80%         6
 Bombard                  Conj/Erth      18%        9d4       86%         6
 Conjure Ball Lightning   Conj/Air       18%        3x3d6     86%         6
 Death Channel            Necr           18%        N/A       86%         6
 Eringya's Noxious Bog    Tmut/Pois      18%        4d6       86%         6
 Simulacrum               Ice/Necr       18%        N/A       86%         6
 Summon Hydra             Summ           36%        N/A       34%         7
 Spellforged Servitor     Conj/Summ      29%        N/A       87%         7
 Summon Horrible Things   Summ           36%        N/A       95%         8
 Orb of Destruction       Conj           18%        9d8       100%        7
 Ozocubu's Refrigeration  Ice            18%        4d11      100%        7
 Ignition                 Fire           21%        3d8       100%        8
 Lehudib's Crystal Spear  Conj/Erth      18%        10d5      100%        8
 Maxwell's Capacitive Co  Air            18%        ∞         100%        8
 Death's Door             Necr           18%        N/A       100%        9
 Dragon's Call            Summ           36%        N/A       100%        9
 Polar Vortex             Ice            18%        12d2*     100%        9


Dungeon Overview and Level Annotations

Branches:
Dungeon (15/15)            Temple (1/1) D:7            Lair (5/5) D:8
 Shoals (4/4) Lair:2       Spider (4/4) Lair:3        Slime (0/5) Lair:5
    Orc (2/2) D:11            Elf (3/3) Orc:2        Vaults (5/5) D:13
  Crypt (3/3) Vaults:2       Tomb (0/3) Crypt:3      Depths (4/4) D:15
    Zot (5/5) Depths:4    Ossuary (visited)         Desolation (visited)

Altars:
Ashenzari
Cheibriados
Dithmenos
Elyvilon
Fedhas
Gozag
Hepliaklqana
Kikubaaqudgha
Makhleb
Nemelex Xobeh
Okawaru
Qazlal
Ru
Sif Muna
Trog
Uskayaw
Vehumet
Wu Jian
Xom
Yredelemnul
Zin
The Shining One

Shops:
D:1 [([=*   D:4 *   D:6 !   D:9 =   Orc:2 [![:   Elf:2 *   Vaults:1 *
Vaults:2 !   Vaults:4 :((!*(

Portals:
Hell: Depths:1 Depths:2 Depths:3 Depths:4
Abyss: Depths:1 Depths:3
Pandemonium: Depths:2 Depths:4
Ziggurat: Depths:2
Trove: Elf:1 (lose all piety)


Innate Abilities, Weirdness & Mutations

Your life essence is reduced to manifest your ancestor. (-10% HP)
You have a somewhat thin skeletal structure. (Dex +2, Stealth+)
Your flesh is heat resistant. (rF+)
You expend magic power (3 MP) to strengthen your wands.


Message History

Belshunu is recalled.
Fire: a) +9 longbow (freeze)
Press: ? - help, Q - select action, (/) - cycle Shift-Dir - straight line, f - Hell Sentinel
Aim: a Hell Sentinel (93% to hit)
You shoot an arrow. Belshunu avoids your attack.
The arrow hits the Hell Sentinel.
The Hell Sentinel is lightly wounded.
Fire: a) +9 longbow (freeze)
Press: ? - help, Q - select action, (/) - cycle Shift-Dir - straight line, f/p - Hell Sentinel
Aim: a Hell Sentinel (lightly wounded, ally target, 93% to hit)
You shoot an arrow. Belshunu avoids your attack.
The arrow hits the Hell Sentinel!!
The Hell Sentinel is moderately wounded.
The Hell Sentinel gestures at you.
The sphere of damnation explodes!
The damnation engulfs Belshunu!!
The damnation engulfs you!!
The damnation engulfs the Hell Sentinel.
The Hell Sentinel completely resists.
Belshunu hits the Hell Sentinel with a +0 broad axe of speed!!
Fire: a) +9 longbow (freeze)
Press: ? - help, Q - select action, (/) - cycle Shift-Dir - straight line, f/p - Hell Sentinel
Aim: a Hell Sentinel (moderately wounded, ally target, 93% to hit)
You shoot an arrow. Belshunu avoids your attack.
The arrow hits the Hell Sentinel!!!
The Hell Sentinel is almost dead.
The Hell Sentinel hits Belshunu!
Belshunu blocks the Hell Sentinel's attack.
Fire: a) +9 longbow (freeze)
Press: ? - help, Q - select action, (/) - cycle Shift-Dir - straight line, f/p - Hell Sentinel
Aim: a Hell Sentinel (almost dead, ally target, 93% to hit)
You shoot an arrow. Belshunu avoids your attack.
The Hell Sentinel is almost dead.
The Hell Sentinel gestures at Belshunu.
Belshunu blocks the iron shot with their +0 tower shield of reflection... and reflects it back!
The iron shot hits the Hell Sentinel!!!
The Hell Sentinel dies!
Your phantom mirror has recharged.
You swap places.
There is a staircase leading out of the dungeon here.
You have escaped!

###### #...#
#.... #....#
###.# #...#
#.##'# #.# ##.##
#.##.# #.# #.#
#.##'# #.# #.#
##.##.######.#
#.#
#..##'##.....#
#.#
#######...#####.#
#.#
#.'.'.'.@R'.'.'.#
#.#
#.#####...#######
#.# #.....##'###
#.# #####.##.#.#
###.# ####+#.#
#...# #.#.#
#.#### #'#.#
#....# #.#.#####
####.# #.......#
#.#


You could see the friendly Belshunu the knight (reflecting).

Vanquished Creatures
  4 dread liches
  Tiamat (Zot:3)
  2 ancient liches
  2 juggernauts
  3 orbs of fire
  Boris (Crypt:2)
  7 Killer Klowns (Zot:5)
  Frederick (Vaults:2)
  Parghit (Depths:4)
  A caustic shrike (Depths:2)
  3 curse toes
  6 golden dragons
  Nikola (Spider:2)
  A bone dragon (Crypt:3)
  A Brimstone Fiend (D:11)
  A shard shrike zombie (Crypt:3)
  6 electric golems
  Zenata (Vaults:3)
  4 liches
  3 titans
  8 tentacled monstrosities
  18 Orb Guardians
  Asterion (Spider:3)
  A deep elf master archer (Elf:3)
  5 quicksilver dragons
  7 sphinxes
  2 deep elf blademasters (Elf:3)
  Polyphemus (Shoals:4)
  An Executioner (D:15)
  An ancient champion (Crypt:2)
  20 storm dragons
  9 death cobs
  10 shadow dragons
  Agnes (D:15)
  4 draconian monks
  3 tengu reavers
  Ilsuiw (Shoals:2)
  6 draconian knights
  7 fire giants
  A daeva (Depths:2)
  A demonspawn warmonger (D:15)
  15 vault wardens
  An iron dragon (Vaults:5)
  4 deep elf sorcerers
  7 frost giants
  5 emperor scorpions
  6 imperial myrmidons (Desolation)
  5 deep elf elementalists (Elf:3)
  Louise (Spider:3)
  A ghoul (Crypt:2)
  5 draconian scorchers
  11 ghost moths
  A cacodemon (D:13)
  2 curse skulls
  7 draconian shifters
  2 draconian stormcallers
  2 formless jellyfish
  4 draconian annihilators
  A broodmother (Spider:4)
  3 ironbound thunderhulks (Vaults:4)
  11 ironbound preservers
  2 reapers
  6 war gargoyles
  A spriggan defender (Depths:2)
  16 very ugly things
  10 stone giants
  5 deep elf demonologists
  8 black draconians
  14 green draconians
  3 vampire knights
  2 purple draconians
  7 deep elf annihilators
  9 red draconians
  A halazid warlock (Desolation)
  3 dire elephants (Vaults:1)
  2 yellow draconians
  6 spark wasps
  11 white draconians
  A blizzard demon (D:7)
  10 fire dragons
  16 ettins
  4 yaktaur captains
  A crystal guardian (Vaults:2)
  2 eidola
  3 merfolk javelineers (Shoals:4)
  The ghost of 0gre the Frost Mage, a journeyman GnIE of Vehumet (D:11)
  4 deep elf death magi
  5 ragged hierophants (Desolation)
  10 merfolk impalers
  A jiangshi (Crypt:1)
  4 great orbs of eyes
  4 entropy weavers
  3 vault guards
  10 deep elf high priests
  An entropy weaver (shapeshifter) (D:13)
  2 rakshasas
  Erolcha (Orc:1)
  14 peacekeepers (Desolation)
  2 ogre magi (D:15)
  11 servants of whispers (Desolation)
  A sphinx zombie (Depths:1)
  6 hydras
  A radroach (Spider:3)
  The ghost of Sundig the Fighter, a journeyman VSFi (Orc:1)
  6 ice dragons
  A catoblepas (Shoals:4)
  4 centaur warriors
  3 spriggan air magi
  7 boulder beetles
  4 death knights
  A merfolk aquamancer (Shoals:4)
  6 ironbound frosthearts
  2 alligator snapping turtles
  24 dancing weapons
  4 merfolk avatars
  2 jorogumos (Spider:4)
  7 deep troll shamans
  8 two-headed ogres
  4 deep troll earth magi
  2 vampire magi (Crypt:2)
  3 death yaks
  5 spriggan berserkers
  5 death scarabs (Spider:4)
  An occultist (Depths:3)
  7 tengu warriors
  3 demonic crawlers
  11 deep elf knights
  A soul eater (Crypt:1)
  2 orc high priests
  7 spriggans
  10 hell knights
  3 shadow wraiths (Crypt:1)
  3 iron trolls (Depths:4)
  2 sun demons
  5 skysharks
  24 skeletal warriors
  2 pharaoh ants (Spider:4)
  A spectral spark wasp (Depths:4)
  A skyshark (shapeshifter) (Vaults:4)
  2 sixfirhies
  2 sun moths
  A goliath frog (shapeshifter) (Depths:2)
  5 glowing orange brains
  5 flayed ghosts
  The ghost of jestert79 the Mimic, a novice FeSh of Fedhas (Lair:1)
  46 deep trolls
  A bunyip skeleton (Crypt:3)
  2 steelbarb worms
  A bog body (Crypt:2)
  8 sea snakes
  11 ironbound convokers
  A broodmother zombie (Spider:4)
  4 orb spiders
  A spectral jorogumo (Spider:4)
  6 lindwurms
  A spectral wolf spider (Spider:4)
  A swamp dragon (Zot:2)
  15 harpies
  14 phantasmal warriors
  12 arcanists
  10 deep elf archers
  21 deep elf pyromancers
  A golden dragon skeleton (Crypt:1)
  13 wolf spiders
  2 necromancers
  An anaconda skeleton (Crypt:3)
  5 orc knights
  13 ugly things
  24 deep elf zephyrmancers
  9 manticores
  A mana viper (shapeshifter) (Vaults:3)
  3 fauns
  3 orc sorcerers (Elf:1)
  10 cyclopes
  A shining eye (shapeshifter) (Depths:4)
  An alligator skeleton (Crypt:2)
  16 moths of wrath
  A merfolk siren (Shoals:4)
  A black mamba (shapeshifter) (Depths:2)
  2 elephants (Lair:5)
  6 black mambas
  Joseph (D:10)
  2 guardian serpents (Desolation)
  20 vault sentinels
  An orange demon (D:13)
  A guardian serpent (shapeshifter) (Vaults:3)
  11 water nymphs
  6 gargoyles
  A smoke demon (Crypt:3)
  A molten gargoyle (Desolation)
  4 torpor snails
  A fire giant skeleton (Crypt:2)
  Maggie (D:9)
  A cane toad (shapeshifter) (D:13)
  An unseen horror (D:13)
  9 cane toads
  2 spectral redbacks (Spider:4)
  12 komodo dragons
  Jeremiah (D:8)
  An efreet (D:15)
  A yaktaur (shapeshifter) (Vaults:5)
  A white draconian skeleton (Crypt:2)
  2 rime drakes
  Psyche (D:8)
  11 yaktaurs
  A naga skeleton (Crypt:3)
  3 tengu conjurers
  A tormentor (D:11)
  6 freezing wraiths
  8 red devils
  A yellow draconian skeleton (Crypt:1)
  A hydra zombie (Crypt:3)
  2 guardian mummies (Crypt:3)
  A harpy zombie (Crypt:3)
  A tyrant leech (shapeshifter) (Vaults:5)
  A death drake zombie (Crypt:2)
  2 meliai (Spider:3)
  A minotaur skeleton (Crypt:2)
  4 trolls
  4 polar bears
  16 merfolk
  3 harpy skeletons (Crypt:3)
  14 tarantellas
  10 wind drakes
  A meliai (shapeshifter) (Vaults:5)
  2 spectral jumping spiders (Spider:4)
  68 saltlings (Desolation)
  7 hornets
  A spectral culicivora (Spider:4)
  4 blink frogs
  A raiju (shapeshifter) (D:15)
  4 dream sheep (Shoals:1)
  2 glass eyes
  3 spectral tarantellas (Spider:4)
  5 air elementals
  15 slime creatures
  3 snapping turtles
  A fire dragon zombie (Crypt:2)
  An ice dragon skeleton (Crypt:2)
  6 culicivoras
  An ettin skeleton (Crypt:3)
  20 jumping spiders
  3 spriggan skeletons
  2 vampires
  Sigmund (D:7)
  12 water elementals
  5 wraiths
  7 shadows
  Eustachio (D:5)
  19 fire elementals
  48 yaks
  7 wyverns
  2 redbacks (shapeshifter)
  9 vampire mosquitoes
  Grum (D:10)
  4 basilisks
  25 redbacks
  Menkaure (D:4)
  A warg (shapeshifter) (Elf:3)
  2 swamp worms (Lair:3)
  3 wargs
  A water nymph zombie (Crypt:1)
  Edmund (D:7)
  4 acid dragons
  8 water moccasins
  6 ogres
  A black bear (shapeshifter) (Depths:4)
  25 orc warriors
  A sky beast (D:6)
  A black bear (D:6)
  18 wolves
  A phantom (D:5)
  17 centaurs
  A kobold brigand (D:8)
  14 bullfrogs
  5 scorpions
  A necrophage (Crypt:2)
  2 gnoll sergeants
  A wyvern zombie (Crypt:2)
  8 water moccasin zombies (Ossuary)
  8 wights
  A wyvern skeleton (Crypt:2)
  6 killer bees (D:7)
  A raiju skeleton (Crypt:1)
  An electric eel (Lair:2)
  9 howler monkeys
  10 orc priests
  A jelly (D:8)
  A gnoll bouda (D:5)
  6 hounds
  A sleepcap (Depths:3)
  4 iguanas
  5 hell rats (Lair:4)
  Natasha (thrice) (D:4)
  17 orc wizards
  11 mummies
  A howler monkey zombie (Crypt:1)
  32 gnolls
  10 adders
  A shadow imp (D:8)
  5 white imps
  2 ufetubi (D:6)
  4 adder zombies (Ossuary)
  A worm (D:4)
  2 dart slugs
  47 orcs
  5 endoplasms
  A giant cockroach (D:2)
  6 gnoll zombies (Ossuary)
  5 goblins
  10 hobgoblins
  9 kobolds
  2 quokkas
  5 ball pythons
  4 bats
  4 frilled lizards
  7 hobgoblin zombies
  3 kobold zombies (Ossuary)
  2 orc zombies (Ossuary)
  A quokka skeleton (Crypt:1)
  3 rats (D:1)
  A tentacle (Shoals:2)
1787 creatures vanquished.

Vanquished Creatures (collateral kills)
  A dread lich (Crypt:1)
  2 ancient liches
  A caustic shrike (Depths:2)
  2 golden dragons
  2 bone dragons
  Arachne (Spider:3)
  2 electric golems
  3 tentacled monstrosities
  A Hell Sentinel (D:1)
  5 Orb Guardians (Zot:5)
  A titan (Vaults:5)
  2 sphinxes
  A kraken (Shoals:2)
  Roxanne (Spider:4)
  2 shadow dragons
  3 tengu reavers (Vaults:5)
  A frost giant (Depths:2)
  A draconian monk (Zot:5)
  2 draconian scorchers
  2 deep elf sorcerers
  6 vault wardens
  5 fire giants
  3 ghost moths
  An emperor scorpion (shapeshifter) (Depths:1)
  An emperor scorpion (Spider:3)
  A demonspawn blood saint (D:15)
  2 deep elf elementalists (Elf:3)
  An orc warlord (Vaults:3)
  11 ironbound preservers
  2 draconian annihilators
  A reaper (Depths:4)
  4 stone giants
  8 very ugly things
  An eleionoma (shapeshifter) (Vaults:3)
  4 ironbound thunderhulks
  A vampire knight (Crypt:2)
  4 green draconians
  2 deep elf demonologists (Elf:3)
  3 black draconians
  A white draconian (Zot:1)
  A dire elephant (Lair:5)
  4 red draconians
  2 purple draconians
  5 yellow draconians
  2 spark wasps
  A blizzard demon (Depths:2)
  3 deep elf death magi
  A green death (Depths:4)
  3 merfolk impalers
  Snorg (D:10)
  An ettin (Depths:4)
  5 merfolk javelineers
  2 yaktaur captains
  A deep elf high priest (Elf:1)
  4 ice dragons
  A servant of whispers (Desolation)
  3 great orbs of eyes
  A hydra (Lair:2)
  2 ragged hierophants (Desolation)
  2 peacekeepers
  2 spriggan air magi
  3 centaur warriors
  4 boulder beetles
  A death knight (Crypt:2)
  30 vault guards
  A merfolk aquamancer (Shoals:2)
  3 ironbound frosthearts
  A two-headed ogre (D:15)
  2 satyrs (Shoals:4)
  A hell beast (Depths:4)
  A jorogumo (Spider:4)
  3 death yaks
  2 alligator snapping turtles
  A death scarab (Spider:4)
  5 demonic crawlers
  A shock serpent (shapeshifter) (Vaults:5)
  4 spriggan berserkers
  2 tengu warriors
  2 deep troll shamans (Depths:2)
  2 deep troll earth magi
  A hell hog (Depths:4)
  A hell knight (Crypt:3)
  A titan skeleton (Crypt:3)
  8 deep elf knights
  5 skeletal warriors
  4 iron trolls
  4 pharaoh ants
  4 skysharks
  2 sun moths (Spider:3)
  A flayed ghost (Depths:2)
  An orb spider (Spider:3)
  19 deep trolls
  A spectral wolf spider (Spider:4)
  3 deep elf archers
  5 sea snakes
  2 phantasmal warriors
  9 ironbound convokers
  A steelbarb worm (Spider:3)
  16 harpies
  4 lindwurms
  3 orc knights
  5 deep elf pyromancers
  A shining eye (shapeshifter) (Vaults:1)
  10 ugly things
  A mana viper (shapeshifter) (Vaults:5)
  6 deep elf zephyrmancers
  4 fauns
  9 manticores
  An orc sorcerer (Elf:1)
  7 wolf spiders
  10 cyclopes
  An oklob plant (Lair:5)
  8 moths of wrath
  A black mamba (shapeshifter) (Depths:2)
  A black mamba (Lair:1)
  7 merfolk sirens
  A guardian serpent (Desolation)
  2 water nymphs
  3 vault sentinels
  2 torpor snails
  2 gargoyles (D:11)
  2 cane toads
  A spectral redback (Spider:4)
  2 smoke demons (Depths:2)
  A rime drake (Lair:5)
  2 freezing wraiths
  3 efreet
  2 komodo dragons
  12 yaktaurs
  A komodo dragon (shapeshifter) (Vaults:5)
  4 tengu conjurers
  15 merfolk
  A meliai (Spider:3)
  A troll (D:14)
  7 dancing weapons
  A merfolk (shapeshifter) (Vaults:3)
  A wind drake (Shoals:3)
  2 hornets
  2 polar bears
  7 tarantellas
  2 spectral tarantellas (Spider:4)
  2 blink frogs (Lair:4)
  13 saltlings (Desolation)
  4 dream sheep (Shoals:1)
  A glass eye (Depths:1)
  A spectral jumping spider (Spider:4)
  7 water elementals
  11 slime creatures
  4 snapping turtles
  A boulder beetle zombie (Crypt:1)
  A spriggan (Depths:4)
  14 yaks
  13 jumping spiders
  3 air elementals
  A jumping spider (shapeshifter) (D:15)
  8 culicivoras
  2 wraiths
  A golden eye (Spider:3)
  A fire elemental (Zot:3)
  22 redbacks
  4 vampire mosquitoes
  2 basilisks
  2 swamp worms (Lair:3)
  3 water moccasins
  A meliai simulacrum (D:14)
  10 orc warriors
  A spriggan simulacrum (Depths:1)
  2 ogres
  10 knights
  4 centaurs
  3 wolves
  2 earth elementals
  4 scorpions
  An orc priest (Orc:2)
  3 orc wizards
  A mummy (Crypt:3)
  A gnoll (D:11)
  10 orcs
  A tentacle (Shoals:2)
635 creatures vanquished.

Vanquished Creatures (others)
  A caustic shrike (Depths:2)
  3 Orb Guardians (Zot:5)
  3 deep elf master archers (Elf:3)
  A draconian monk (Zot:3)
  A fire giant (Depths:2)
  An ironbound preserver (Vaults:3)
  A stone giant (Depths:2)
  3 draconian annihilators
  A green draconian (Zot:3)
  A black draconian (Zot:3)
  2 spark wasps
  A red draconian (Zot:3)
  A white draconian (Zot:3)
  An ettin (Vaults:5)
  2 merfolk impalers
  3 yaktaur captains
  2 vault guards
  A deep troll shaman (Depths:1)
  A spriggan berserker (Depths:4)
  A soul eater (Depths:4)
  3 deep trolls
  A lindwurm (Vaults:1)
  A deep elf archer (Elf:3)
  2 harpies
  An ironbound convoker (Vaults:4)
  2 ugly things
  2 moths of wrath
  3 yaktaurs (Vaults:3)
  A merfolk (Shoals:3)
  A hornet (Depths:4)
  A wind drake (Shoals:4)
  3 dancing weapons
  A saltling (Desolation)
  A swamp worm (shapeshifter) (Depths:2)
  2 ancestors
  33 knights
  3 tentacles (Shoals:2)
92 creatures vanquished.

Grand Total: 2514 creatures vanquished

Notes
Turn   | Place    | Note
-------+----------+-------------------------------------------
     0 | D:1      | Forgeling the Deep Elf Hexslinger began the quest for the
                  | Orb.
     0 | D:1      | Reached XP level 1. HP: 11/11 MP: 5/5
   129 | D:1      | Found Xinat's Antique Weapon Emporium.
   133 | D:1      | Found Ogikaera's Armour Shop.
   169 | D:1      | Found Myra's Armour Boutique.
   177 | D:1      | Reached skill level 3 in Ranged Weapons
   241 | D:1      | Found Goob's Jewellery Shop.
   306 | D:1      | Reached XP level 2. HP: 16/16 MP: 6/6
   318 | D:1      | Found Gadili's General Store.
   329 | D:1      | Learned a level 2 spell: Jinxbite
   366 | D:1      | Reached skill level 4 in Ranged Weapons
   955 | D:2      | Reached XP level 3. HP: 20/20 MP: 4/7
  1263 | D:2      | Reached skill level 5 in Ranged Weapons
  1702 | D:1      | Bought a runed shortbow for 120 gold pieces
  1903 | D:3      | Found a faded altar of an unknown god.
  2010 | D:3      | Reached XP level 4. HP: 24/24 MP: 8/8
  2238 | D:3      | Reached skill level 6 in Ranged Weapons
  2564 | D:4      | Noticed Menkaure
  2568 | D:3      | Reached XP level 5. HP: 28/28 MP: 6/9
  2668 | D:4      | Reached skill level 7 in Ranged Weapons
  2704 | D:4      | Reached skill level 5 in Hexes
  2889 | D:4      | Reached skill level 1 in Fighting
  2948 | D:4      | Noticed Natasha
  2953 | D:4      | Killed Natasha
  3027 | D:4      | Noticed Natasha
  3029 | D:4      | Killed Natasha
  3030 | D:4      | Reached XP level 6. HP: 34/34 MP: 10/10
  3035 | D:4      | Found Wunluimo's Overcharged Wands.
  3069 | D:4      | Noticed Natasha
  3073 | D:4      | Killed Natasha
  3083 | D:4      | Killed Menkaure
  3084 | D:4      | Reached skill level 8 in Ranged Weapons
  3750 | D:1      | Bought a +2 pair of boots for 165 gold pieces
  3815 | D:5      | Entered Level 5 of the Dungeon
  3885 | D:5      | Reached XP level 7. HP: 40/40 MP: 11/11
  3897 | D:5      | Noticed Eustachio
  4000 | D:5      | Reached skill level 9 in Ranged Weapons
  4305 | D:5      | Killed Eustachio
  4306 | D:5      | Reached skill level 10 in Ranged Weapons
  4530 | D:5      | Reached skill level 11 in Ranged Weapons
  4530 | D:5      | Reached XP level 8. HP: 39/44 MP: 12/12
  4869 | D:6      | Found Doamaleg's Distillery.
  4883 | D:6      | Bought a potion of degeneration for 11 gold pieces
  4888 | D:6      | Reached skill level 12 in Ranged Weapons
  4897 | D:6      | Learned a level 4 spell: Cause Fear
  4934 | D:6      | Found a sand-covered staircase.
  4954 | Ossuary  | Entered an ossuary
  5036 | Ossuary  | Reached skill level 13 in Ranged Weapons
  5274 | D:6      | Reached skill level 14 in Ranged Weapons
  5279 | D:6      | Learned a level 4 spell: Dimensional Bullseye
  5312 | D:6      | Found a shadowy altar of Dithmenos.
  5389 | D:6      | Reached XP level 9. HP: 48/48 MP: 14/14
  6030 | D:7      | Noticed Sigmund
  6033 | D:7      | Killed Sigmund
  6033 | D:7      | Noticed Edmund
  6044 | D:7      | Killed Edmund
  6270 | D:7      | Found a staircase to the Ecumenical Temple.
  6312 | Temple   | Entered the Ecumenical Temple
  6351 | Temple   | Became a worshipper of Hepliaklqana the Forgotten
  6573 | D:8      | Noticed Jeremiah
  6579 | D:8      | Killed Jeremiah
  6580 | D:8      | Reached skill level 5 in Spellcasting
  6648 | D:8      | Reached skill level 1 in Evocations
  6767 | D:8      | Reached skill level 1 in Translocations
  6777 | D:8      | Noticed Psyche
  6781 | D:8      | Noticed a two-headed ogre
  6808 | D:8      | Killed a two-headed ogre
  6809 | D:8      | Reached XP level 10. HP: 38/56 MP: 19/19
  6812 | D:8      | Killed Psyche
  7191 | D:8      | Found a staircase to the Lair.
  7214 | D:8      | Reached * piety under Hepliaklqana
  7516 | D:9      | Reached skill level 5 in Stealth
  7622 | D:9      | Reached skill level 5 in Evocations
  7641 | D:9      | Noticed Maggie
  7785 | D:9      | Killed Maggie
  7869 | D:9      | Found Dyojuceu's Jewellery Emporium.
  7880 | D:9      | Identified the +1 pair of gloves "Piedd" {Harm Str+3}
  8106 | D:9      | Reached ** piety under Hepliaklqana
  8107 | D:9      | Remembered your ancestor Belshunu as a knight
  8358 | D:10     | Entered Level 10 of the Dungeon
  8358 | D:10     | Noticed a two-headed ogre
  8385 | D:10     | Noticed Snorg
  8397 | D:10     | Killed Snorg
  8398 | D:10     | Reached XP level 11. HP: 30/54 MP: 20/20
  8455 | D:10     | Noticed Grum
  8465 | D:10     | Killed Grum
  8503 | D:10     | Reached skill level 5 in Dodging
  8650 | D:10     | Killed a two-headed ogre
  8725 | D:10     | Found a bloodstained altar of Trog.
  8806 | D:10     | Noticed Joseph
  8814 | D:10     | Killed Joseph
  9292 | D:11     | Noticed 0gre's ghost (journeyman GnIE)
  9292 | D:11     | Found a runed translucent door.
  9362 | D:11     | Found a staircase to the Orcish Mines.
  9666 | D:11     | Noticed a boulder beetle
  9692 | D:11     | Reached skill level 10 in Hexes
  9695 | D:11     | Killed a boulder beetle
  9794 | D:11     | Noticed a two-headed ogre
  9805 | D:11     | Killed a two-headed ogre
  9989 | D:11     | Reached XP level 12. HP: 59/59 MP: 26/26
 10010 | D:11     | Learned a level 5 spell: Summon Mana Viper
 10203 | D:11     | Reached skill level 1 in Summonings
 10500 | Lair:1   | Entered Level 1 of the Lair of Beasts
 10600 | Lair:1   | Found a runed translucent door.
 10600 | Lair:1   | Found a shimmering altar of Xom.
 10600 | Lair:1   | Noticed jestert79's ghost (novice FeSh)
 10706 | Lair:1   | Reached *** piety under Hepliaklqana
 10725 | Lair:1   | Reached skill level 10 in Spellcasting
 10939 | Lair:1   | Identified the +4 rapier "Marra" {pain, rN++ rCorr Dex+3}
 11445 | Lair:2   | Found a staircase to the Shoals.
 11811 | Lair:2   | Noticed a five-headed hydra
 11837 | Lair:2   | Killed a five-headed hydra
 11921 | Lair:2   | Reached skill level 15 in Ranged Weapons
 12081 | Lair:2   | You fall into a shaft and drop 2 floors!
 12090 | Lair:4   | Reached XP level 13. HP: 63/63 MP: 30/30
 12222 | Lair:3   | Reached **** piety under Hepliaklqana
 12265 | Lair:2   | Found a transporter.
 12267 | Lair:2   | Found a transporter.
 12270 | Lair:2   | Reached skill level 16 in Ranged Weapons
 13223 | Lair:3   | Reached skill level 17 in Ranged Weapons
 13298 | Lair:3   | Found a transporter.
 13367 | Lair:3   | Found a transporter.
 13654 | Lair:3   | Found a hole to the Spider Nest.
 14051 | Lair:4   | Reached ***** piety under Hepliaklqana
 14358 | Lair:4   | Reached skill level 18 in Ranged Weapons
 14485 | Lair:4   | Identified the +3 great sword "Zukhot" {heavy, Drain rElec
                  | Will+ Dex+3}
 14884 | Lair:5   | Entered Level 5 of the Lair of Beasts
 14887 | Lair:5   | Noticed a dire elephant
 14939 | Lair:5   | Identified a scroll of acquirement
 14974 | Lair:5   | Reached skill level 1 in Invocations
 15357 | Lair:5   | Found a staircase to the Slime Pits.
 15512 | Lair:5   | Reached skill level 5 in Invocations
 15522 | Lair:5   | Reached skill level 10 in Evocations
 15827 | Lair:4   | Reached XP level 14. HP: 55/68 MP: 31/31
 16303 | Lair:5   | Identified the +8 falchion "Globulus" {freeze, Int+2}
 16316 | Lair:5   | Identified the ring "Cyojimy" {Fire Int+4}
 17173 | Lair:1   | Killed jestert79's ghost
 17622 | D:1      | Bought the ring of Liguud {rN+ Will+ Int+6 Stlth+} for 611
                  | gold pieces
 17823 | Orc:1    | Entered Level 1 of the Orcish Mines
 17963 | Orc:1    | Noticed Sundig's ghost (journeyman VSFi)
 17969 | Orc:1    | Found a runed translucent gate.
 17969 | Orc:1    | Found a runed translucent gate.
 17971 | Orc:1    | Found a runed translucent gate.
 18406 | Orc:2    | Entered Level 2 of the Orcish Mines
 18406 | Orc:2    | Noticed Erolcha
 18426 | Orc:1    | Killed Erolcha
 18643 | Orc:2    | Found a staircase to the Elven Halls.
 18959 | Orc:1    | Reached skill level 10 in Invocations
 19588 | Orc:2    | Reached skill level 5 in Fighting
 19931 | Orc:2    | Found Vohuskeh's Armour Shop.
 19931 | Orc:2    | Found Uceunamu's Distillery.
 19933 | Orc:2    | Found Aniraumilu's Armour Shoppe.
 19935 | Orc:2    | Found Togyfamp's Book Boutique.
 20030 | Orc:2    | Acquired Great Wizards, Vol. VII
 20036 | Orc:2    | Learned a level 3 spell: Tukima's Dance
 20042 | Orc:2    | Learned a level 5 spell: Yara's Violent Unravelling
 20066 | Orc:2    | Bought a manual of Fighting for 1040 gold pieces
 20312 | Orc:1    | Killed Sundig's ghost
 20551 | D:6      | Bought a potion of haste for 110 gold pieces
 21216 | D:12     | Found the +4 robe of Folly {Brill Will-∞ Int+8}
 21238 | D:12     | Reached ****** piety under Hepliaklqana
 22588 | D:13     | Reached skill level 10 in Fighting
 22588 | D:13     | Reached XP level 15. HP: 82/82 MP: 32/32
 22597 | D:13     | Learned a level 7 spell: Enfeeble
 23346 | D:14     | Reached XP level 16. HP: 88/88 MP: 33/33
 24136 | D:15     | Entered Level 15 of the Dungeon
 24197 | D:15     | Noticed Agnes
 24212 | D:15     | Killed Agnes
 24264 | D:15     | Reached skill level 15 in Hexes
 25047 | D:15     | Found a staircase to the Depths.
 25401 | D:13     | Found a gate to the Vaults.
 25525 | D:11     | Killed 0gre's ghost
 25546 | D:11     | Learned a level 8 spell: Discord
 25822 | Spider:1 | Entered Level 1 of the Spider Nest
 27195 | Orc:2    | Bought a +2 ring mail of poison resistance for 198 gold
                  | pieces
 27954 | Spider:2 | Noticed Nikola
 28073 | Spider:2 | Killed Nikola
 28763 | Spider:2 | Reached skill level 1 in Armour
 30008 | Spider:2 | Reached XP level 17. HP: 58/97 MP: 4/36
 30383 | Spider:3 | Found a frozen archway.
 31588 | Spider:3 | Noticed Asterion
 31604 | Spider:3 | Noticed Arachne
 31619 | Spider:3 | Noticed Louise
 31709 | Spider:3 | Killed Louise
 32040 | Spider:3 | Killed Arachne
 32230 | Spider:3 | Killed Asterion
 32330 | Spider:3 | Reached skill level 5 in Armour
 32330 | Spider:3 | Reached skill level 15 in Spellcasting
 32871 | Spider:3 | Reached skill level 10 in Dodging
 33193 | Spider:4 | Entered Level 4 of the Spider Nest
 33709 | Spider:4 | Noticed Roxanne
 35616 | Spider:4 | Killed Roxanne
 35784 | Shoals:1 | Entered Level 1 of the Shoals
 36468 | Shoals:1 | Reached skill level 10 in Stealth
 36492 | Shoals:1 | Reached XP level 18. HP: 92/101 MP: 27/39
 37713 | Shoals:2 | Noticed Ilsuiw
 38027 | Shoals:2 | Killed Ilsuiw
 39249 | Shoals:3 | Reached skill level 15 in Dodging
 40882 | Shoals:4 | Entered Level 4 of the Shoals
 41116 | Shoals:4 | Paralysed by an air elemental for 1 turns
 41125 | Shoals:4 | Paralysed by an air elemental for 1 turns
 41132 | Shoals:4 | Paralysed by an air elemental for 1 turns
 41549 | Vaults:1 | Identified the of Genat
 41549 | Desolati | Identified the "Johoa"
 41549 | Desolati | Identified the "Kycaozuj"
 41549 | Desolati | Identified the "Mughup"
 41549 | Crypt:3  | Identified the of Wamuj
 41549 | Crypt:3  | Identified the of Nugaev
 41549 | Depths:1 | Identified the of Wettu
 41549 | Elf:1    | Entered Level 1 of the Elven Halls
 41602 | Elf:1    | Paralysed by an air elemental for 1 turns
 41608 | Elf:1    | Paralysed by an air elemental for 1 turns
 42126 | Elf:1    | Paralysed by an air elemental for 1 turns
 42134 | Elf:1    | Paralysed by an air elemental for 1 turns
 42382 | Elf:1    | Reached XP level 19. HP: 106/106 MP: 32/41
 42435 | Elf:1    | Identified the +3 leather armour of the Villain {Str+2}
 42598 | Elf:1    | You fall into a shaft and drop 1 floor!
 42721 | Elf:1    | Found a portal to a secret trove of treasure.
 42934 | Elf:1    | Found a runed translucent gate.
 42934 | Elf:1    | Found a runed translucent gate.
 42934 | Elf:1    | Found a runed translucent gate.
 42934 | Elf:1    | Found a runed translucent gate.
 42934 | Elf:1    | Found a runed translucent gate.
 42936 | Elf:1    | Found a runed translucent gate.
 43464 | D:1      | Bought the amulet "Meckuewk" {Spirit Harm rElec Will+ Dex+3
                  | Slay+2} for 707 gold pieces
 44206 | Elf:2    | Found Evuapsiz's General Store.
 44474 | Elf:2    | Reached skill level 19 in Ranged Weapons
 44486 | Elf:2    | Found a runed translucent gate.
 44487 | Elf:2    | Found a runed translucent gate.
 44487 | Elf:2    | Found a runed translucent gate.
 44529 | Elf:3    | Identified the "Dodorhem"
 44529 | Elf:3    | Identified the "Lurokaw"
 44529 | Elf:3    | Identified the "Ydoel"
 44529 | Elf:3    | Identified the of Udygec
 44529 | Elf:3    | Entered Level 3 of the Elven Halls
 45370 | Elf:3    | Reached skill level 20 in Ranged Weapons
 45860 | Elf:3    | Gained mutation: You are dopey. (Int -2) [a cacodemon]
 45872 | Elf:3    | Identified the +5 glaive of the Wraith {freeze, *Slow
                  | +Blink Str+6 SInv}
 46193 | Elf:3    | Identified the +8 long sword of Earthquakes {flame, rElec
                  | Str+4}
 46290 | Elf:3    | Identified the +3 broad axe "Baxonkop" {spect, rElec rPois}
 46314 | Elf:3    | Identified the +2 great sword of Lim Vog {flame, Fragile
                  | rElec Int+5}
 46314 | Elf:3    | Identified the +2 robe of Oschyrcha {Fly rCorr Int-5}
 46314 | Elf:3    | Identified the ring "Voniolua" {Fly rF+ Int+3}
 46320 | Elf:3    | Identified the ring of Beogh's Hatred {Will+ rCorr Str+2}
 46465 | Elf:3    | Identified the +4 whip "Uqitelol" {flame, rN+ Str+2 Int+2}
 46495 | Elf:3    | Identified the staff of Zatih {Int+3 Conj}
 47001 | Elf:2    | Reached XP level 20. HP: 111/111 MP: 44/44
 48665 | Shoals:4 | Noticed Polyphemus
 48677 | Shoals:4 | Killed Polyphemus
 49129 | Shoals:4 | Identified the +5 orcbow of Resourcefulness {heavy, rF++}
 49235 | Shoals:4 | Identified the ring "Maynorph" {*Slow rPois rC+ Will+
                  | Int+4}
 49305 | Shoals:4 | Got a barnacled rune of Zot
 50583 | Spider:4 | Got a gossamer rune of Zot
 50992 | Vaults:1 | Entered Level 1 of the Vaults
 51117 | Orc:2    | Bought a +0 helmet of see invisible for 184 gold pieces
 51337 | Vaults:1 | Found Gidgheila's Assorted Antiques.
 51896 | Vaults:1 | Identified the +5 plate armour of Tender Moments {Rampage
                  | rC+ Will+ Int+3}
 52157 | Vaults:1 | Reached XP level 21. HP: 117/117 MP: 43/48
 52586 | Vaults:2 | Found Wyof's Distillery.
 52619 | Vaults:2 | Noticed Frederick
 52629 | Vaults:2 | Killed Frederick
 52821 | Vaults:2 | Found a crumbling gateway.
 52850 | Desolati | Entered the Desolation of Salt
 53065 | Desolati | Identified the ring of Lov Xaote {Fire rPois rN+ Dex-2}
 53138 | Desolati | Identified the ring of the King {Drain +Blink rPois rF+
                  | SInv}
 53141 | Desolati | Identified the ring "Ivveg" {Will+ Str+3}
 53190 | Desolati | Identified the +1 leather armour of Qyfamaump {Harm MP+9}
 53503 | Desolati | Identified the ring "Zadys" {Ice Str+3}
 53831 | Desolati | Identified the ring of Dithmenos's Esteem {rF+ rC- Will+
                  | rCorr Int+6}
 53932 | Desolati | Identified the +10 shortbow of Evolution {freeze, rF+
                  | Dex+3}
 54021 | Desolati | Reached skill level 10 in Armour
 55036 | Vaults:2 | Reached skill level 15 in Fighting
 55086 | Vaults:2 | Found a staircase to the Crypt.
 55748 | Vaults:3 | Reached XP level 22. HP: 123/126 MP: 49/49
 55813 | Vaults:3 | Noticed Zenata
 55838 | Vaults:3 | Killed Zenata
 55871 | Vaults:3 | Noticed a golden dragon
 55872 | Vaults:3 | a golden dragon changed into a rockslime
 55876 | Vaults:3 | a rockslime changed into a shard shrike
 55876 | Vaults:3 | Noticed a shard shrike (glowing shapeshifter)
 55879 | Vaults:3 | a shard shrike changed into an eleionoma
 56255 | Vaults:3 | Identified the +6 trident "Jodghanim" {flame, rElec rC+}
 56849 | Vaults:4 | Reached skill level 21 in Ranged Weapons
 56990 | Vaults:4 | Found Addeakug's Distillery.
 57254 | Vaults:4 | Found Yhimm's Assorted Antiques.
 57255 | Vaults:4 | Found Ytics's Antique Weapon Shop.
 57618 | Vaults:4 | Found Lelish's Weapon Shoppe.
 57797 | Vaults:4 | Found Keaxal's Antique Weapon Boutique.
 57994 | Vaults:4 | Found Dideleng's Book Shoppe.
 58353 | Vaults:2 | Reached skill level 22 in Ranged Weapons
 59208 | Depths:1 | Entered Level 1 of the Depths
 59305 | Depths:1 | Noticed a juggernaut
 59494 | Depths:1 | Found a one-way gate to the infinite horrors of the Abyss.
 59784 | Depths:1 | Found a gateway to Hell.
 60207 | Depths:2 | Found a one-way gate leading to the halls of Pandemonium.
 60400 | Depths:2 | Reached XP level 23. HP: 129/129 MP: 41/50
 60402 | Depths:2 | Reached skill level 23 in Ranged Weapons
 60656 | Depths:2 | Reached skill level 24 in Ranged Weapons
 60778 | Depths:2 | Noticed a caustic shrike
 60779 | Depths:2 | Noticed a caustic shrike
 60783 | Depths:2 | Killed a caustic shrike
 60784 | Depths:2 | Killed a caustic shrike
 60786 | Depths:2 | Killed a caustic shrike
 60825 | Depths:2 | Identified the +11 great mace of Beogh's Wrath {freeze, rN+
                  | Will+} (You took it off a tengu conjurer on level 2 of the
                  | Depths)
 60860 | Depths:2 | Identified the +1 dagger "Ymaclo" {antimagic, Contam Int+5}
 61019 | Depths:2 | Noticed a juggernaut
 61042 | Depths:2 | Killed a juggernaut
 61043 | Depths:2 | Reached skill level 25 in Ranged Weapons
 61124 | Depths:2 | Identified the +0 pair of boots "Cuatienn" {rF+ rCorr
                  | Stlth+}
 61311 | Depths:2 | Found a one-way gateway to a ziggurat.
 61632 | Depths:2 | Found a shadowy altar of Dithmenos.
 61780 | Depths:2 | You fall into a shaft and drop 1 floor!
 62447 | Depths:3 | Found a sacrificial altar of Ru.
 62647 | Depths:3 | Identified the +3 morningstar "Nesuc" {freeze, rElec}
 62721 | Depths:4 | Entered Level 4 of the Depths
 62745 | Depths:4 | Noticed Parghit
 63261 | Depths:4 | Killed Parghit
 63941 | Depths:4 | Reached XP level 24. HP: 135/135 MP: 52/52
 64051 | Depths:4 | Found a gate to the Realm of Zot.
 64405 | Depths:1 | Killed a juggernaut
 64413 | Depths:1 | Reached skill level 15 in Evocations
 64942 | Crypt:1  | Entered Level 1 of the Crypt
 65026 | Crypt:1  | Identified the +3 quarterstaff "Woteu" {elec, rC- rN+
                  | Str+7}
 65415 | Crypt:1  | Found a runed translucent door.
 65416 | Crypt:1  | Noticed a dread lich
 65763 | Crypt:1  | Killed a dread lich
 65998 | Crypt:2  | Noticed Boris
 66009 | Crypt:2  | Killed Boris
 66269 | Crypt:2  | Identified the +6 scale mail of Bawaos {rF+ Regen+ rCorr}
 66888 | Crypt:3  | Entered Level 3 of the Crypt
 67696 | Crypt:3  | Noticed an ancient lich
 67702 | Crypt:3  | Killed an ancient lich
 67839 | Crypt:3  | Found a staircase to the Tomb.
 67847 | Crypt:3  | Noticed a dread lich
 67854 | Crypt:3  | Killed a dread lich
 67938 | Crypt:3  | Noticed a dread lich
 67952 | Crypt:3  | Killed a dread lich
 67953 | Crypt:3  | Reached skill level 26 in Ranged Weapons
 68878 | Crypt:3  | Acquired the +0 pair of boots of Vexation {Int+5}
 68897 | Crypt:3  | Learned a level 6 spell: Dispersal
 68905 | Crypt:3  | Learned a level 7 spell: Malign Gateway
 69237 | Vaults:5 | Entered Level 5 of the Vaults
 69241 | Vaults:5 | Reached skill level 5 in Translocations
 69247 | Vaults:5 | Reached XP level 25. HP: 115/141 MP: 38/52
 69383 | Vaults:5 | Got a silver rune of Zot
 69391 | Vaults:5 | Identified the amulet of Jifyes {rPois Will- Regen+ Str+8
                  | SInv}
 69401 | Vaults:5 | Identified the ring "Xaxysun" {Fly rPois rC+ Will- rCorr}
 69563 | Vaults:5 | Reached skill level 10 in Translocations
 69895 | Vaults:5 | Noticed a dread lich
 69900 | Vaults:5 | Killed a dread lich
 69902 | Vaults:5 | Noticed an ancient lich
 69907 | Vaults:5 | Killed an ancient lich
 70129 | Vaults:5 | Identified the +5 pair of gloves "Fettuun" {Harm Dex+5}
 70871 | D:8      | Learned a level 8 spell: Disjunction
 70874 | D:8      | Learned a level 2 spell: Blink
 70880 | D:8      | Learned a level 5 spell: Summon Forest
 71150 | Zot:1    | Entered Level 1 of the Realm of Zot
 71440 | Zot:1    | Reached skill level 15 in Translocations
 71489 | Zot:1    | You fall into a shaft and drop 1 floor!
 71489 | Zot:2    | Identified the "Mazith"
 71489 | Zot:2    | Identified the of Zipugg
 72519 | Zot:2    | Identified the +12 flail "Eqeir" {flame, +Blink Int+2}
 72519 | Zot:2    | Identified the amulet "Opleh" {rF+ Regen+}
 72621 | Zot:2    | Identified the +7 rapier of Lytagg {pain, Fly rElec rN++
                  | Will-}
 72663 | Zot:2    | Reached XP level 26. HP: 142/146 MP: 50/52
 72946 | Zot:2    | Identified the +0 chain mail "Giplia" {-Cast rC+ Will++
                  | Stlth+}
 73638 | Zot:3    | Found the +4 dragonskin cloak
 73638 | Zot:3    | Noticed Tiamat
 73792 | Zot:3    | Killed Tiamat
 74527 | Zot:3    | Noticed an orb of fire
 74538 | Zot:3    | Killed an orb of fire
 74870 | Zot:4    | Reached skill level 5 in Summonings
 75424 | Zot:5    | Entered Level 5 of the Realm of Zot
 76002 | Zot:5    | Reached skill level 27 in Ranged Weapons
 76190 | Zot:5    | Noticed an ancient lich
 76193 | Zot:5    | Noticed an orb of fire
 76199 | Zot:5    | Gained mutation: You occasionally shout uncontrollably at
                  | your foes. [an orb of fire]
 76208 | Zot:5    | Killed an ancient lich
 76210 | Zot:5    | Killed an orb of fire
 76350 | Zot:5    | Noticed an ancient lich
 76359 | Zot:5    | Killed an ancient lich
 76401 | Zot:5    | Reached XP level 27. HP: 134/154 MP: 38/52
 76421 | Zot:5    | Noticed an orb of fire
 76529 | Zot:5    | Noticed a dread lich
 76532 | Zot:5    | Killed a dread lich
 76572 | Zot:5    | Killed an orb of fire
 76946 | Zot:5    | Lost mutation: You are dopey. (Int -2) [potion of mutation]
 76946 | Zot:5    | Lost mutation: You occasionally shout uncontrollably at
                  | your foes. [potion of mutation]
 76946 | Zot:5    | Gained mutation: You expend magic power (3 MP) to
                  | strengthen your wands. [potion of mutation]
 76946 | Zot:5    | Gained mutation: Your flesh is heat resistant. (rF+)
                  | [potion of mutation]
 76959 | Zot:5    | Got the Orb of Zot
 77311 | D:13     | Gained mutation: You have a somewhat thin skeletal
                  | structure. (Dex +2, Stealth+) [a cacodemon]
 77636 | D:$      | Escaped with the Orb!

Illustrated notes

Levels and vault maps discovered:
D:1:      minmay_arrival_doors, layout_loops_ring, serial_shops, shop,
          nicolae_shop_real_fake_doors, shop, nicolae_diamond_shop, shop_coins
D:2:      wad_lake_hut, layout_loops_ring, amcnicky_mini_pool_small,
          chequers_mini_garden
D:3:      layout_basic, hellmonk_ecumenical_altar_run_dry
D:4:      layout_cave_pools, nicolae_shop_overcharged_wands, uniq_natasha,
          uniq_menkaure
D:5:      layout_cave_pods, chequers_arboretum, minmay_pentangle, uniq_eustachio
D:6:      lemuel_ice_spiral_2, layout_basic, kennysheep_mini_moat,
          gup_ossuary_entry_pyramid, serial_shops, shop
D:7:      layout_rooms, temple_doors_e, nicolae_concentric_dashed_squares_mild,
          sigmund_edmund_badplayer
D:8:      layout_loops_ring, lair_entry_dummy, uniq_jeremiah, uniq_psyche
D:9:      layout_irregular_city, serial_shops, nicolae_shop_tiny_waterfront,
          st_stairs_13, uniq_maggie
D:10:     layout_roguey, mainiacjoe_overflow_24_doors, kennysheep_nondescript,
          nrook_mini_vaults, uniq_grum, uniq_snorg, uniq_joseph
D:11:     layout_cave_pods, erik_orc_3, gammafunk_ghost_grave
D:12:     layout_cave_pools, dreamdust_deal_with_the_devil
D:13:     layout_irregular_city, david_vaults_5
D:14:     layout_grid_maze, minmay_misc_feat_x, minmay_hollow_rounded_squares
D:15:     hellmonk_depths_entry_around_the_bend, layout_small_grid,
          chequers_serial_rivers_room_a, uniq_agnes
Temple:   mainiacjoe_temple_big_plus
Lair:1:   layout_loops_ring, ebering_ghost_xom, minivault_11
Lair:2:   gammafunk_boulding_lane, layout_hall_layers,
          nicolae_shoals_entry_roost, serial_bayou_shore_b
Lair:3:   gammafunk_worm_tunnel, layout_regular_city,
          spider_nest_entry_funnel_web
Lair:4:   layout_long_grid
Lair:5:   gammafunk_lair_ancient_temple, layout_regular_city, slime_entry_1,
          small_statue_intersection
Shoals:1: layout_shoals
Shoals:2: layout_shoals, uniq_ilsuiw
Shoals:3: nicolae_shoals_offshore_bank_account, layout_shoals, st_cyclops
Shoals:4: shoals_end_hellmonk_storm_palace [storm_palace_center_circular,
          storm_palace_corner_grid, storm_palace_corner_pillars,
          storm_palace_corner_narrow, storm_palace_corner_blocked],
          serial_shops, uniq_polyphemus
Spider:1: layout_spider_delve
Spider:2: nicolae_spider_mines_2, hangedman_spider_tarantella_strand,
          uniq_nikola
Spider:3: nicolae_spider_corner, portal_ice_cave_entry_dragon,
          nicolae_spider_moth_buddies, uniq_louise, uniq_asterion, uniq_arachne
Spider:4: floodkiller_spider_rune_tomb, uniq_roxanne
Orc:1:    layout_caves, gammafunk_ghost_split
Orc:2:    st_orc_rangers, layout_caves, nicolae_orc_tapped_out, uniq_erolcha
Elf:1:    nicolae_elf_arrival_no_cutting_in_line, layout_geoelf_diagonals,
          enter_trove_3, orc_legates, amcnicky_mini_rare_corridor_liquid,
          st_stairs_10
Elf:2:    nicolae_elf_blades_splatter_lattice [nicolae_blade_tridents],
          layout_loops_cross, serial_shops, shop
Elf:3:    minmay_elf_hall_circle, layout_geoelf_diagonals, minivault_19,
          minmay_misc_feat_diagonals
Vaults:1: nicolae_vaults_murder_corner, v_misc_18, nicolae_vaults_spaceships,
          nicolae_vaults_two_Ls, nicolae_vaults_wrenched,
          hangedman_vaults_slice, nicolae_vaults_weapon_check,
          vaults_standard_mumra_x, nicolae_vaults_house_2,
          nicolae_vaults_diagonal_hallway_9, ontoclasm_vaults_pinch,
          vaults_room_door_ring, layout_vaults_chaotic_city, serial_shops, shop
Vaults:2: portal_desolation_entry_nicolae_slug,
          nicolae_vaults_network_periphery, blue_anna_dwarven_crypt,
          grunt_vaults_funnel, serial_ice_g, v_misc_29, vaults_dpeg_ring,
          layout_vaults_quadrants, serial_shops, shop, uniq_frederick
Vaults:3: nicolae_vaults_loss_of_containment,
          nicolae_vaults_door_testing_chamber, nicolae_vaults_closet_pinwheel_6,
          v_misc_9, nicolae_vaults_rhombus_7, vaults_mumra_hexcomb, v_misc_30,
          nicolae_vaults_offset_grid_hallway_2, nicolae_vaults_specimen_jars,
          nicolae_vaults_cornered_office, grunt_vaults_hallway_short,
          ontoclasm_vaults_ring_small, nicolae_vaults_diamond_2,
          layout_vaults_maze, uniq_zenata
Vaults:4: nicolae_vaults_big_ls, nicolae_vaults_border_crossing,
          hangedman_vaults_river_flow, nicolae_vaults_inception_scallops,
          ontoclasm_vaults_twist, vaults_room_mumra_shop_pool,
          nicolae_vaults_closet_pinwheel_5, ontoclasm_vaults_loading_screen,
          hangedman_vaults_stream, nicolae_vaults_wine_cellar,
          nicolae_vaults_diagonal_hallway_9, st_lines,
          nicolae_vaults_offset_grid_hallway_1, nicolae_vaults_house_3,
          nicolae_vaults_trapezoid_lopsided_3, nicolae_vaults_house_2,
          nicolae_vaults_theta, layout_vaults_omnicross, serial_shops, shop,
          nicolae_book_shop_shelving, shop, shop, shop
Vaults:5
Crypt:1:  cheibrodos_crypt_cold_storage, layout_chaotic_city,
          serial_sigils_hangedman_shear, nicolae_crypt_twisting_catacombs
Crypt:2:  layout_catacombs, uniq_boris
Crypt:3:  quadcrypt_mu
Depths:1: layout_gridville, nicolae_abyss_entry_one_way_or_another, hell_entry,
          minmay_fractal_squares_gapless_7
Depths:2: grunt_twisty_corner, layout_gridlike, enter_ziggurat_c,
          grunt_dithmenos_smoke_and_mirrors, rand_demon_pan_entry_5, hell_entry,
          infiniplex_staircase_zigzag_3, serial_bayou_shore_a
Depths:3: hangedman_cross_stitches, layout_basic, abyss_entry,
          nicolae_ru_sacrificial_ziggurat, hell_entry
Depths:4: grunt_zot_entry_tricorne, layout_basic, grunt_mini_vestibule,
          rand_demon_pan_entry_1, serial_aquarium, aquarium_bridge_square
          [aquarium_subvault_bridge, aquarium_subvault_wall,
          aquarium_subvault_bridge, aquarium_subvault_bridge],
          aquarium_window_1, aquarium_window_1, aquarium_window_1,
          aquarium_view_2a, aquarium_balcony_1b, uniq_parghit
Zot:1:    layout_cathedral_of_symmetry
Zot:2:    layout_gridlike, regret_index_zotdec_silver_v_v_orig_slice,
          bh_zot_levy_curve, st_stairs_6, st_large_dragon_hoard_3,
          grunt_megastairs_3
Zot:3:    lemuel_firehouse, layout_concentric_octagons,
          regret_index_zotdec_iron_s, uniq_tiamat
Zot:4:    layout_twisted_circle, st_stairs_14, lemuel_golem_globe
Zot:5:    layout_cathedral_of_symmetry

Skill      XL: |  1  2  3  4  5  6  7  8  9 10 11 12 13 14 15 16 17 18 19 20 21 22 23 24 25 26 27 |
---------------+----------------------------------------------------------------------------------+-----
Ranged Weapons | 3 4 5 6 7 8 11 14 15 18 20 22 25 26 27 | 27.0
Hexes          | 5 9 11 14 17 19 20 21 | 21.0
Fighting       | 1 2 4 10 12 13 15 16 17 19 | 19.1
Dodging        | 3 4 7 9 13 15 17 18 20 | 20.0
Spellcasting   | 2 5 8 11 13 15 16 18 21 23 | 23.0
Evocations     | 2 8 10 14 16 | 16.0
Translocations | 2 4 7 17 20 | 20.0
Stealth        | 2 6 9 10 12 14 | 14.0
Summonings     | 4 8 |  8.0
Invocations    | 6 10 12 14 | 14.0
Armour         | 2 5 6 7 8 10 | 10.0
Fire Magic     | |  1.1

Action                     |  1- 3 |  4- 6 |  7- 9 | 10-12 | 13-15 | 16-18 | 19-21 | 22-24 | 25-27 || total
---------------------------+-------+-------+-------+-------+-------+-------+-------+-------+-------++-------
  Melee: Unarmed           |       |       |     2 |       |       |       |       |       |       ||     2
         Shortbow          |       |       |     1 |       |       |       |       |       |       ||     1
   Fire: Sling             |    65 |       |       |       |       |    16 |       |       |       ||    81
         Shortbow          |    17 |   105 |   409 |   729 |  1001 |       |       |       |       ||  2261
         Orcbow            |       |       |       |       |   235 |  1600 |    78 |       |       ||  1913
         Longbow           |       |       |       |       |       |       |  1189 |  1314 |   971 ||  3474
   Cast: Jinxbite          |    12 |    10 |     5 |     5 |     7 |       |       |       |       ||    39
         Dimensional Bulls |       |       |     1 |     9 |    27 |   112 |    29 |    24 |    13 ||   215
         Cause Fear        |       |       |       |     2 |     2 |     5 |       |       |       ||     9
         Summon Mana Viper |       |       |       |       |     3 |    14 |       |       |       ||    17
         Yara's Violent Un |       |       |       |       |       |    84 |    38 |    14 |     6 ||   142
         Discord           |       |       |       |       |       |    24 |    23 |    29 |    20 ||    96
         Enfeeble          |       |       |       |       |       |    13 |     4 |     3 |     4 ||    24
         Tukima's Dance    |       |       |       |       |       |    29 |       |       |       ||    29
         Dispersal         |       |       |       |       |       |       |       |       |     1 ||     1
         Disjunction       |       |       |       |       |       |       |       |       |     1 ||     1
 Invoke: Recall Ancestor   |       |       |       |     6 |    18 |    19 |     6 |    13 |    12 ||    74
         Ancestor Life: Kn |       |       |       |     1 |       |       |       |       |       ||     1
         Idealise          |       |       |       |       |     1 |    12 |     1 |     2 |     3 ||    19
  Evoke: Wand              |       |       |     2 |     6 |    11 |    16 |       |     1 |     3 ||    39
         Lightning rod     |       |       |       |       |       |     3 |       |       |       ||     3
         Phial of floods   |       |       |       |       |       |     1 |       |     1 |       ||     2
         Phantom mirror    |       |       |       |       |       |       |     1 |     1 |     1 ||     3
         Tin of tremorston |       |       |       |       |       |       |       |       |     1 ||     1
    Use: Scroll            |     2 |     1 |     7 |    10 |    11 |    13 |    16 |     6 |     6 ||    72
         Potion            |       |       |     6 |     1 |     5 |     8 |     1 |     2 |     6 ||    29
 Armour: Robe              |    13 |    13 |    13 |       |       |    12 |       |       |       ||    51
         Leather armour    |       |       |    72 |   109 |   230 |   160 |   111 |    78 |    90 ||   850
         Skin              |       |       |    19 |     3 |       |       |       |       |       ||    22
         Ring mail         |       |       |       |       |       |   359 |       |       |       ||   359
  Dodge: Dodged            |    12 |    23 |    93 |   110 |   216 |   500 |   183 |   172 |   171 ||  1480

Table legend: (Time is in decaauts)
 A = Elapsed time spent in this place.
 B = Non-inter-level travel time spent in this place.
 C = Inter-level travel time spent in this place.
 D = Time resting spent in this place.
 E = Time spent auto-exploring this place.
 F = Levels seen in this place.
 G = Mean time per level.
                   A        B        C        D        E       F      G
               +--------+--------+--------+--------+--------+-----+--------+
         Total |  76727 |  65873 |  10854 |  10018 |  38260 |  53 | 1447.7 |
       Dungeon |  18385 |  13956 |   4429 |    754 |   9079 |  15 | 1225.7 |
        Temple |     77 |      1 |     76 |      0 |      0 |   1 |   77.0 |
          Lair |   7594 |   6170 |   1424 |    577 |   3801 |   5 | 1518.8 |
        Shoals |   7606 |   6686 |    920 |   1475 |   3290 |   4 | 1901.5 |
   Spider Nest |  10291 |   9374 |    917 |   4975 |   1940 |   4 | 2572.8 |
  Orcish Mines |   3016 |   2421 |    595 |    261 |   1497 |   2 | 1508.0 |
   Elven Halls |   5804 |   5233 |    571 |    891 |   3034 |   3 | 1934.7 |
        Vaults |   7076 |   6387 |    689 |    207 |   4686 |   5 | 1415.2 |
         Crypt |   4034 |   3700 |    334 |    121 |   2926 |   3 | 1344.7 |
        Depths |   5394 |   4960 |    434 |    110 |   3744 |   4 | 1348.5 |
           Zot |   5739 |   5278 |    461 |    613 |   3419 |   5 | 1147.8 |
       Ossuary |    239 |    239 |      0 |      0 |     95 |   1 |  239.0 |
    Desolation |   1467 |   1467 |      0 |     30 |    746 |   1 | 1467.0 |
               +--------+--------+--------+--------+--------+-----+--------+

Top non-repeatable levels by time:
Spider:3: 3152 daAuts
Spider:2: 2602 daAuts
Spider:4: 2529 daAuts
   Elf:3: 2126 daAuts
 Crypt:3: 2110 daAuts
    D:11: 2099 daAuts
Shoals:2: 2086 daAuts
Spider:1: 2007 daAuts
  Lair:3: 1981 daAuts
   Elf:1: 1976 daAuts
  Lair:2: 1909 daAuts
Shoals:4: 1878 daAuts
Shoals:1: 1834 daAuts
Depths:2: 1819 daAuts
Shoals:3: 1806 daAuts
